 Dungeon Crawl Stone Soup version 0.31-a0-466-g98c9adc2b6 (webtiles) character file.

Game seed: 8677157435384468431

63 HallandMoats the Trooper (level 3, -1/29 HPs)
             Began as a Demonspawn Monk on Aug 6, 2023.
             Slain by Robin
             ... wielding a +0 spear
              (4 damage)
             ... on level 2 of the Dungeon.
             The game lasted 00:01:40 (1079 turns).

HallandMoats the Trooper (Demonspawn Monk)          Turns: 1079, Time: 00:01:41

Health: -1/29      AC:  2    Str: 13    XL:     3   Next: 89%
Magic:  5/5        EV: 12    Int: 11    God:
Gold:   71         SH:  0    Dex: 15    Spells: 2/2 levels left

rFire   . . .        a - +0 hand axe
rCold   . . .        d - orb {light}
rNeg    . . .        b - +0 robe
rPois   .            (no helmet)
rElec   .            (no cloak)
rCorr   .            (no gloves)
SInv    .            (no boots)
Will    .....        (no amulet)
Stlth   +            (no ring)
HPRegen 0.24/turn    (no ring)
MPRegen 0.09/turn

%: no passive effects
@: glowing
A: demonic touch 1
a: no special abilities


You were on level 2 of the Dungeon.
You visited 1 branch of the dungeon, and saw 2 of its levels.

You collected 71 gold pieces.

Inventory:

Hand Weapons
 a - a +0 hand axe (weapon)
Armour
 b - a +0 robe (worn)
 d - an orb of light (worn)
 m - a +3 leather armour
Scrolls
 e - a scroll of enchant armour {unknown}
 f - a scroll of amnesia {unknown}
 g - 2 scrolls of noise {unknown}
 i - a scroll of teleportation {unknown}
 j - a scroll of brand weapon {unknown}
 l - a scroll of identify {unknown}
Potions
 c - a potion of ambrosia
 h - a potion of degeneration {unknown}
 k - a potion of magic {unknown}


   Skills:
 + Level 3.5 Fighting
 + Level 3.1 Axes
 - Level 2.6 Dodging
 * Level 3.3 Invocations


You had 2 spell levels left.
You didn't know any spells.
Your spell library contained the following spells:

 Spells                   Type           Power      Damage    Failure   Level
 Cigotuvi's Dreadful Rot  Necr/Pois/Air  0%         N/A       47%         2
 Dispel Undead            Necr           0%         3d6       98%         4
 Death Channel            Necr           0%         N/A       100%        6


Dungeon Overview and Level Annotations

Branches:
Dungeon (2/15)

Altars:

Annotations:
D:2 Robin


Innate Abilities, Weirdness & Mutations

Your touch may inflict minor irresistible damage on your foes.


Message History

The hobgoblin attacks as you move away! The hobgoblin barely misses you.
You hit the hobgoblin.
The hobgoblin is almost dead.
You hit the hobgoblin.
The hobgoblin is moderately wounded.
You hit the hobgoblin.
You kill the hobgoblin!
The hobgoblin hits you. The goblin hits you with a +0 club.
The hobgoblin hits you.
A hobgoblin comes into view.
The hobgoblin shouts!
You hit the hobgoblin.
You kill the hobgoblin!
You hit the goblin.
You kill the goblin!
You hit the hobgoblin but do no damage. The hobgoblin closely misses you.
You hit the hobgoblin but do no damage. The hobgoblin misses you.
You hit the hobgoblin.
The hobgoblin is heavily wounded.
Robin roars a battlecry!
The hobgoblin goes into a battle-frenzy!
The hobgoblin barely misses you.
You hit the hobgoblin but do no damage.
The hobgoblin is heavily wounded.
Robin completely misses you. The hobgoblin hits you.
You hit the hobgoblin.
You kill the hobgoblin!
Robin closely misses you. Robin hits you with a +0 spear.
You see here a +0 club.
You hit Robin.
Robin is lightly wounded.
You hit the hobgoblin. Robin hits you with a +0 spear.
* * * LOW HITPOINT WARNING * * *
The hobgoblin hits you.
* * * LOW HITPOINT WARNING * * *
The hobgoblin closely misses you.
Robin says, "A pitiful Demonspawn like you will never find the ORB!"
Robin hits you with a +0 spear.
You die...

#####
##############...#
.................##
...............†@g#
########†######g#.#
#.# #)#.#
######)######.#)#
#.............#)#
#.###...####..#.#
...........#.#
###..>####..#.#
##..####..#.#


You could see Robin and a hobgoblin.

Vanquished Creatures
  2 adders (D:2)
  A dart slug (D:2)
  5 ball pythons
  A bat (D:1)
  An endoplasm (D:1)
  5 goblins
  7 hobgoblins
  4 jackals (D:1)
  5 kobolds
  3 frilled lizards
  7 rats
41 creatures vanquished.

Notes
Turn   | Place    | Note
-------+----------+-------------------------------------------
     0 | D:1      | HallandMoats the Demonspawn Monk began the quest for the
                  | Orb.
     0 | D:1      | Reached XP level 1. HP: 18/18 MP: 1/1
   128 | D:1      | Reached skill level 1 in Invocations
   200 | D:1      | You fall into a shaft and drop 1 floor!
   234 | D:2      | Gained mutation: Your touch may inflict minor irresistible
                  | damage on your foes. [demonic ancestry]
   234 | D:2      | Reached XP level 2. HP: 24/24 MP: 3/3
   807 | D:2      | Reached XP level 3. HP: 24/29 MP: 4/4
  1039 | D:2      | Noticed Robin
  1079 | D:2      | Slain by Robin

Illustrated notes

Levels and vault maps discovered:
D:1:      dpeg_arrival_refuge, layout_loops_ring
D:2:      layout_loops_ring, uniq_robin

Skill      XL: |  1  2  3 |
---------------+----------+-----
Invocations    | 1 2 3 |  3.3
Axes           | 3 |  3.1
Fighting       | |  3.5
Dodging        | |  2.6

Action                     || total
---------------------------++-------
  Melee: Hand axe          ||    91
   Stab: Sleeping          ||     1
 Armour: Robe              ||    12
  Dodge: Dodged            ||    67

Table legend: (Time is in decaauts)
 A = Elapsed time spent in this place.
 B = Non-inter-level travel time spent in this place.
 C = Inter-level travel time spent in this place.
 D = Time resting spent in this place.
 E = Time spent auto-exploring this place.
 F = Levels seen in this place.
 G = Mean time per level.
                   A        B        C        D        E       F      G
               +--------+--------+--------+--------+--------+-----+--------+
         Total |   1093 |   1093 |      0 |     70 |    756 |   2 |  546.5 |
       Dungeon |   1093 |   1093 |      0 |     70 |    756 |   2 |  546.5 |
               +--------+--------+--------+--------+--------+-----+--------+

Top non-repeatable levels by time:
     D:1: 760 daAuts
     D:2: 333 daAuts
